 Dungeon Crawl Stone Soup version 0.32-a0-43-g058985b245 (webtiles) character file.

Game seed: 13434938697966613321

2843 pokeman the Thaumaturge (level 9, -1/48 HPs)
             Began as a Deep Elf Hedge Wizard on Feb 4, 2024.
             Slain by a manticore (9 damage)
             ... on level 6 of the Dungeon.
             The game lasted 00:18:07 (6582 turns).

pokeman the Thaumaturge (Deep Elf Hedge Wizard)     Turns: 6582, Time: 00:18:08

Health: -1/48      AC:  8    Str:  7    XL:     9   Next: 46%
Magic:  6/26       EV: 13    Int: 24    God:
Gold:   278        SH:  5    Dex: 14    Spells: 20/31 levels left

rFire   . . .        p - +2 dagger (venom)
rCold   . . .        (no shield)
rNeg    + + .        y - +2 robe {rN+}
rPois   .            u - +1 helmet "Cexkeg" {rN+ rCorr}
rElec   .            g - +0 cloak
rCorr   +            b - +0 pair of gloves
SInv    .            (no boots)
Will    .....        f - amulet of reflection
Stlth   ++           n - ring of resist corrosion
HPRegen 0.28/turn    (no ring)
MPRegen 0.20/turn

%: reflection
@: no status effects
A: no striking features
a: no special abilities


You were on level 6 of the Dungeon.
You visited 2 branches of the dungeon, and saw 7 of its levels.
You also visited: Sewer.

You collected 278 gold pieces.

Inventory:

Hand Weapons
 p - a +2 dagger of venom (weapon)
Armour
 b - a +0 pair of gloves (worn)
 g - a +0 cloak (worn)
 u - the +1 helmet "Cexkeg" (worn) {rN+ rCorr}
   (You found it on level 5 of the Dungeon)

   rN+:       It protects you from negative energy.
   rCorr:     It protects you from acid and corrosion.
 x - an orb of energy
 y - a +2 robe of positive energy (worn)
Jewellery
 f - an amulet of reflection (around neck)
 n - a ring of resist corrosion (left hand)
Wands
 a - a wand of charming (18)
 l - a wand of light (2)
 v - a wand of flame (21)
 w - a wand of roots (5)
Scrolls
 c - a scroll of fog {unknown}
 h - 6 scrolls of identify {unknown}
 i - a scroll of amnesia {unknown}
 q - a scroll of enchant armour {unknown}
 r - 3 scrolls of teleportation {unknown}
 s - a scroll of vulnerability {unknown}
Potions
 d - a potion of magic
 e - 3 potions of heal wounds {unknown}
 j - 2 potions of haste
 k - a potion of enlightenment {unknown}
 m - 2 potions of curing {unknown}
 o - a potion of cancellation {unknown}
 t - a potion of attraction {unknown}


   Skills:
 - Level 2.0 Fighting
 - Level 2.1 Armour
 - Level 3.0 Dodging
 - Level 3.3 Stealth
 + Level 3.1 Shields
 * Level 11.6 Spellcasting
 + Level 6.4 Conjurations
 - Level 1.1 Summonings
 - Level 1.1 Translocations
 + Level 5.1 Ice Magic
 - Level 1.1 Air Magic
 - Level 1.2 Alchemy
 - Level 1.0 Evocations


You had 20 spell levels left.
You knew the following spells:

 Your Spells              Type           Power      Damage    Failure   Level
a - Magic Dart            Conj           100%       1d8       1%          1
b - Mephitic Cloud        Conj/Alch/Air  28%        N/A       4%          3
c - Call Imp              Summ           38%        N/A       4%          2
d - Blink                 Tloc           38%        N/A       4%          2
e - Hailstorm             Conj/Ice       41%        3d9       1%          3

Your spell library contained the following spells:

 Spells                   Type           Power      Damage    Failure   Level
 Freeze                   Ice            100%       1d10      1%          1
 Kiss of Death            Conj/Necr      100%       2d13      1%          1
 Sting                    Conj/Alch      100%       1d9       1%          1
 Searing Ray              Conj           88%        2d7       1%          2
 Frozen Ramparts          Ice            76%        1d12      1%          3
 Apportation              Tloc           38%        N/A       2%          1
 Summon Small Mammal      Summ           76%        N/A       2%          1
 Ensorcelled Hibernation  Hex/Ice        52%        N/A       2%          2
 Necrotise                Necr           52%        1d6       4%          1
 Slow                     Hex            52%        N/A       4%          1
 Cigotuvi's Dreadful Rot  Necr/Alch/Air  34%        N/A       4%          2
 Swiftness                Air            19%        N/A       9%          3
 Fulminant Prism          Conj/Alch      16%        3d10      10%         4
 Confusing Touch          Hex            13%        N/A       14%         3
 Passwall                 Erth           13%        N/A       14%         3
 Dispel Undead            Necr           13%        3d9       41%         4


Dungeon Overview and Level Annotations

Branches:
Dungeon (6/15)             Temple (1/1) D:5           Sewer (visited)

Altars:
Ashenzari
Cheibriados
Fedhas
Gozag
Hepliaklqana
Kikubaaqudgha
Makhleb
Nemelex Xobeh
Qazlal
Sif Muna
Trog
Xom
Yredelemnul
The Shining One

Shops:
D:4 =


Message History

The stinking cloud engulfs the manticore.
The stinking cloud engulfs you.
The stinking cloud engulfs the manticore.
The manticore is heavily wounded.
You are engulfed in noxious fumes.
You choke on the stench!
You are confused.
The manticore is engulfed in noxious fumes.
The manticore appears confused.
The manticore misses you. The manticore closely misses you.
The manticore claws you.
The manticore is engulfed in noxious fumes.
The manticore bites you!
The manticore claws you but does no damage.
The manticore claws you.
Unknown command.
The manticore is engulfed in noxious fumes.
The manticore appears confused.
The manticore is engulfed in noxious fumes.
The manticore appears confused.
Unknown command.
Unknown command.
You feel less confused.
Unknown command.
The manticore is engulfed in noxious fumes.
The manticore misses you. You block the manticore's attack.
The manticore misses you.
Things that are here:
a +0 dagger; an orc corpse You hit the manticore.
The manticore is poisoned.
The manticore is lightly wounded.
The manticore is engulfed in noxious fumes.
You block the manticore's attack. The manticore misses you.
The manticore barely misses you.
The manticore is engulfed in noxious fumes.
The manticore misses you. The manticore claws you.
The manticore barely misses you.
The manticore is engulfed in noxious fumes. x2
The manticore bites you!
* * * LOW HITPOINT WARNING * * *
You block the manticore's attack. The manticore claws you!
You die...

#......# ######
#.#....##### ..#
..#....#...# #.##
.##....#.#.#.#
#..###
.##....#.#.#.# #))..
.......#.#.#.# #°)#
..###.##.#.#.# ##§○#
..+...##.#.#.# #HH#
..#........#.# #@#.#
###.####.###.###)#.#
....# #..........##
##### #####.###..#
....)..)# #.##
#######.# #.# #.#
#.. #.# #.# #.. #..


You could see 2 manticores.

Vanquished Creatures
  Jeremiah (D:6)
  A sky beast (D:6)
  3 black bears
  3 ice beasts
  A crocodile (Sewer)
  5 ogres
  A phantom (D:5)
  A bullfrog (D:3)
  A brain worm (Sewer)
  A scorpion (D:5)
  A howler monkey (D:4)
  2 bombardier beetles
  9 orc priests
  3 hounds (D:6)
  A gnoll bouda (D:6)
  An iguana (D:4)
  3 jellies
  2 sleepcaps
  9 orc wizards
  4 gnolls
  12 adders
  A white imp (D:6)
  A dart slug (D:1)
  2 ribbon worms
  20 orcs
  6 ball pythons
  12 bats
  10 endoplasms
  2 giant cockroaches
  9 goblins
  13 hobgoblins
  10 jackals
  6 quokkas
  9 frilled lizards
  11 kobolds
  5 rats
182 creatures vanquished.

Vanquished Creatures (collateral kills)
  2 orcs (D:3)
  A rat (D:3)
3 creatures vanquished.

Grand Total: 185 creatures vanquished

Notes
Turn   | Place    | Note
-------+----------+-------------------------------------------
     0 | D:1      | pokeman the Deep Elf Hedge Wizard began the quest for the
                  | Orb.
     0 | D:1      | Reached XP level 1. HP: 10/10 MP: 7/7
   114 | D:1      | Reached XP level 2. HP: 16/16 MP: 7/9
   347 | D:1      | Reached skill level 5 in Spellcasting
   515 | D:1      | Reached XP level 3. HP: 20/20 MP: 1/11
   519 | D:1      | Learned a level 3 spell: Mephitic Cloud
   522 | D:1      | Learned a level 2 spell: Call Imp
   525 | D:1      | Learned a level 2 spell: Blink
  1073 | D:2      | Reached skill level 1 in Fighting
  1073 | D:2      | Reached skill level 1 in Armour
  1262 | D:2      | Reached XP level 4. HP: 25/25 MP: 4/13
  2115 | D:2      | Reached skill level 6 in Spellcasting
  2115 | D:2      | Reached XP level 5. HP: 29/29 MP: 6/15
  2276 | D:3      | Found a bloodstained altar of Trog.
  2457 | D:2      | Reached skill level 1 in Shields
  2505 | D:3      | Reached XP level 6. HP: 33/34 MP: 11/17
  2614 | D:3      | Found a glowing drain.
  2620 | D:3      | Reached skill level 7 in Spellcasting
  2620 | D:3      | Reached skill level 1 in Evocations
  2627 | Sewer    | Entered a sewer
  2754 | Sewer    | Reached skill level 1 in Air Magic
  2754 | Sewer    | Reached skill level 1 in Alchemy
  2758 | Sewer    | Learned a level 3 spell: Hailstorm
  2774 | Sewer    | Reached XP level 7. HP: 22/38 MP: 7/20
  2922 | D:3      | Reached skill level 1 in Ice Magic
  3002 | D:3      | Found an ancient bone altar of Kikubaaqudgha.
  3627 | D:4      | Found Satua's Jewellery Emporium.
  3745 | D:4      | Reached skill level 8 in Spellcasting
  3915 | D:4      | Found a snail-covered altar of Cheibriados.
  4300 | D:4      | Identified the +1 leather armour of Fedhas's Scorn {Dex+6
                  | Slay-2}
  4501 | D:5      | Entered Level 5 of the Dungeon
  4519 | D:5      | Reached XP level 8. HP: 34/44 MP: 6/22
  4603 | D:5      | Found a sparkling altar of Nemelex Xobeh.
  4617 | D:5      | Reached skill level 9 in Spellcasting
  4652 | D:5      | Reached skill level 5 in Conjurations
  4770 | D:5      | Found a staircase to the Ecumenical Temple.
  4778 | Temple   | Entered the Ecumenical Temple
  5017 | D:5      | Identified the +1 helmet "Cexkeg" {rN+ rCorr}
  5047 | D:5      | Reached skill level 10 in Spellcasting
  5362 | D:5      | Found a burning altar of Makhleb.
  5818 | D:6      | Noticed Jeremiah
  6055 | D:6      | Reached XP level 9. HP: 38/48 MP: 22/25
  6094 | D:6      | Killed Jeremiah
  6095 | D:6      | Reached skill level 11 in Spellcasting
  6476 | D:6      | Reached skill level 5 in Ice Magic
  6567 | D:6      | Noticed a manticore
  6576 | D:6      | Noticed a manticore
  6582 | D:6      | Slain by a manticore

Illustrated notes

Levels and vault maps discovered:
D:1:      dpeg_arrival_rhombus, layout_rooms, serial_forest,
          infiniplex_forest_straight_3, infiniplex_forest_straight_5,
          infiniplex_forest_end_2, infiniplex_forest_straight_3,
          minmay_pentomino_p2
D:2:      minmay_razor_zed, layout_basic
D:3:      layout_basic, mainiacjoe_overflow_catwalk, lemuel_doored_altar,
          portal_sewer_entry_d
D:4:      layout_loops_cross, chei_slow_surprise, serial_shops, shop
D:5:      layout_loops_ring, lemuel_tele_altar, mainiacjoe_overflow_chevrons,
          minmay_temple_entry_water_ring
D:6:      layout_basic, nicolae_overflow_crystal_walls, minmay_manual_mess,
          uniq_jeremiah
Temple:   grunt_temple_mini_profane

Skill      XL: |  1  2  3  4  5  6  7  8  9 |
---------------+----------------------------+-----
Spellcasting   | 5 6 7 8 10 11 | 11.6
Fighting       | 1 2 |  2.0
Armour         | 1 2 |  2.1
Conjurations   | 2 3 4 5 6 |  6.4
Stealth        | 3 |  3.3
Dodging        | 3 |  3.0
Shields        | 1 2 3 |  3.1
Evocations     | 1 |  1.0
Air Magic      | 1 |  1.1
Alchemy        | 1 |  1.2
Ice Magic      | 2 4 5 |  5.1
Summonings     | |  1.1
Translocations | |  1.1

Action                     |  1- 3 |  4- 6 |  7- 9 || total
---------------------------+-------+-------+-------++-------
  Melee: Dagger            |    28 |    60 |   174 ||   262
         Punch             |       |     1 |     5 ||     6
   Cast: Magic Dart        |    91 |   103 |   116 ||   310
         Mephitic Cloud    |       |     9 |    28 ||    37
         Call Imp          |       |     3 |     4 ||     7
         Hailstorm         |       |       |    14 ||    14
   Stab: Confused          |       |     8 |    19 ||    27
         Sleeping          |       |       |     1 ||     1
 Armour: Robe              |    24 |    53 |    38 ||   115
         Leather armour    |       |       |    49 ||    49
  Dodge: Dodged            |    36 |    88 |   103 ||   227
  Block: Other             |       |    17 |    23 ||    40
         Reflection        |       |     3 |       ||     3

Table legend: (Time is in decaauts)
 A = Elapsed time spent in this place.
 B = Non-inter-level travel time spent in this place.
 C = Inter-level travel time spent in this place.
 D = Time resting spent in this place.
 E = Time spent auto-exploring this place.
 F = Levels seen in this place.
 G = Mean time per level.
                   A        B        C        D        E       F      G
               +--------+--------+--------+--------+--------+-----+--------+
         Total |   6592 |   6512 |     80 |    307 |   4841 |   8 |  824.0 |
       Dungeon |   6321 |   6241 |     80 |    307 |   4628 |   6 | 1053.5 |
        Temple |      1 |      1 |      0 |      0 |      0 |   1 |    1.0 |
         Sewer |    268 |    268 |      0 |      0 |    213 |   1 |  268.0 |
               +--------+--------+--------+--------+--------+-----+--------+

Top non-repeatable levels by time:
     D:2: 1441 daAuts
     D:5: 1148 daAuts
     D:4: 1025 daAuts
     D:1: 962 daAuts
     D:6: 933 daAuts
     D:3: 811 daAuts
   Sewer: 268 daAuts
  Temple: 1 daAuts
